 Dungeon Crawl Stone Soup version 0.24-a0-272-g14115134c2 (webtiles) character file.

Game seed: 6527613753197156543

83 HAL9000 the Sneak (level 4, -1/23 HPs)
             Began as a Vine Stalker Assassin on Apr 25, 2019.
             Slain by a river rat (5 damage)
             ... on level 3 of the Dungeon.
             The game lasted 00:04:38 (2421 turns).

HAL9000 the Sneak (Vine Stalker Assassin)           Turns: 2421, Time: 00:04:39

Health: -1/23      AC:  3    Str: 14    XL:     4   Next: 44%
Magic:  0/5        EV:  8    Int: 16    God:
Gold:   116        SH:  4    Dex: 16    Spells: 3/3 levels left

rFire    + . .     SeeInvis .   v - +0 dagger (flame)
rCold    . . .     Gourm    .   q - +0 buckler
rNeg     . . .     Faith    .   c - +0 robe
rPois    .         Spirit   +   (no helmet)
rElec    .         Reflect  .   d - +0 cloak
rCorr    .         Harm     .   (no gloves)
MR       .....                  (no boots)
Stlth    ++++......             (no amulet)
HPRegen  0.47/turn              i - +5 ring of intelligence
MPRegen  0.09/turn              u - ring of protection from fire

@: constricted
A: fangs 2, regeneration 1, magic shield, antimagic bite, no potion heal 3, rot
immunity
a: no special abilities


You were on level 3 of the Dungeon.
You were hungry.

You visited 1 branch of the dungeon, and saw 3 of its levels.

You collected 116 gold pieces.

Inventory:

Hand Weapons
 a - a +2 dagger
 b - a +0 blowgun
 v - a +0 dagger of flaming (weapon)
Missiles
 e - 38 poisoned needles
 f - 2 curare-tipped needles
Armour
 c - a +0 robe (worn)
 d - a +0 cloak (worn)
 q - a +0 buckler (worn)
Jewellery
 i - a +5 ring of intelligence (left hand)
 u - a ring of protection from fire (right hand)
Scrolls
 h - a scroll of fog {unknown}
 l - 10 scrolls of identify {unknown}
 n - 2 scrolls of amnesia {unknown}
 o - 2 scrolls of remove curse {unknown}
 r - 3 scrolls of teleportation {unknown}
 t - a scroll of immolation {unknown}
Potions
 j - a potion of heal wounds {unknown}
 k - 2 potions of degeneration {unknown}
 m - a potion of might {unknown}
 p - a potion of brilliance {unknown}
 s - a potion of lignification {unknown}
Comestibles
 g - 7 rations


   Skills:
 - Level 1.7 Fighting
 + Level 2.3 Short Blades
 - Level 1.7 Throwing
 - Level 0.7 Dodging
 + Level 6.8 Stealth
 + Level 0.5 Shields


You had 3 spell levels left.
You didn't know any spells.
Your spell library contained the following spells:

 Spells                   Type           Power        Failure   Level  Hunger
 Animate Skeleton         Necr           N/A          36%         1    ##.....
 Pain                     Necr           #...         36%         1    ##.....
 Regeneration             Chrm/Necr      #.........   75%         3    ####...
 Vampiric Draining        Necr           #.........   75%         3    ####...
 Animate Dead             Necr           N/A          98%         4    #####..


Dungeon Overview and Level Annotations

Branches:
Dungeon (3/15)

Altars:

Portals:
Sewer: D:3


Innate Abilities, Weirdness & Mutations

You have extremely sharp teeth.
Your natural rate of healing is unusually fast.
When hurt, damage is shared between your health and your magic reserves.
Your bite disrupts and absorbs the magic of your enemies.
Potions cannot restore your health.
You are immune to rotting.


Message History

The river rat twitches its whiskers.
The river rat bites you.
You barely miss the river rat.
You bite the river rat, but do no damage.
The river rat is almost dead.
The ball python barely misses you. x2; The river rat bites you.
* * * LOW HITPOINT WARNING * * *
You hit the river rat but do no damage.
You bite the river rat, but do no damage.
The river rat is severely wounded.
The ball python bites you but does no damage.
The ball python barely misses you. The river rat barely misses you.
Unknown command.
You closely miss the river rat.
You bite the river rat, but do no damage.
The river rat is severely wounded.
The ball python bites you but does no damage.
The ball python grabs you. The ball python constricts you.
The river rat bites you.
You die...

... #..## ##. #..
#.##.#####...####.. ....
.....^..........'..
#...##. #.#.......####..
#......##.#.###...# ##.
..........≈.# #.#.## ##
#≈≈≈≈≈##..# #..#.## #
.##≈≈≈≈≈##..# #.###.#
.≈≈...S@r≈≈.# ##.#.##
.≈≈.....≈≈..#####.## #
.≈...∩..≈≈........# #
.≈≈.≈...≈≈.######.######
)≈≈.....≈≈.# #.......
.##≈≈≈≈≈##.# ########
#≈≈≈≈≈##.# # .........#
# #


You could see a river rat and a ball python.

Vanquished Creatures
  An adder (D:2)
  An ooze (D:1)
  4 worms
  A dart slug (D:2)
  2 leopard geckos (D:1)
  10 goblins
  3 hobgoblins (D:1)
  5 jackals (D:1)
  5 kobolds
  A quokka (D:2)
  9 bats
  6 frilled lizards
  6 rats
54 creatures vanquished.

Notes
Turn   | Place    | Note
-------+----------+-------------------------------------------
     0 | D:1      | HAL9000 the Vine Stalker Assassin began the quest for the
                  | Orb.
     0 | D:1      | Reached XP level 1. HP: 11/11 MP: 2/2
    31 | D:1      | Reached skill level 5 in Stealth
    54 | D:1      | Reached XP level 2. HP: 15/15 MP: 3/3
   132 | D:1      | Reached XP level 3. HP: 15/18 MP: 2/4
   158 | D:1      | Reached skill level 6 in Stealth
  1706 | D:2      | Gained mutation: Your natural rate of healing is unusually
                  | fast. [Vine Stalker growth]
  1706 | D:2      | Reached XP level 4. HP: 23/23 MP: 5/5
  2406 | D:3      | Found a glowing drain.
  2421 | D:3      | Slain by a river rat

Levels and vault maps discovered:
D:1:      dpeg_arrival_rooms_b, layout_basic, minmay_3d_cube
D:2:      minmay_chambers_of_ones, layout_basic
D:3:      layout_loops_corners, nicolae_overflow_hidden_temple,
          cheibrodos_sewer_entry_sluice, serial_park_tiny_pond

Skill      XL: |  1  2  3 |
---------------+----------+-----
Stealth        | 5 6 |  6.8
Short Blades   | 2 |  2.3
Fighting       | |  1.7
Throwing       | |  1.7
Dodging        | |  0.7
Shields        | |  0.5

Action                   |  1- 3 |  4- 6 || total
-------------------------+-------+-------++-------
Melee: Dagger            |    95 |    41 ||   136
       Bite              |    25 |    15 ||    40
 Fire: Blowgun           |     2 |     5 ||     7
 Stab: Sleeping          |    12 |     6 ||    18
  Eat: Chunk             |     2 |     2 ||     4
Armor: Robe              |    19 |     3 ||    22
Dodge: Dodged            |    45 |    17 ||    62
Block: Buckler           |     4 |     7 ||    11

Table legend:
 A = Non-vault XP
 B = Vault XP
 C = Vault XP percentage of total XP
 D = Non-vault monster count
 E = Vault monster count
 F = Vault count percentage of total count
                 A         B        C        D         E       F
            +---------+---------+-------+---------+---------+-------
      Total |      93 |      26 |  21.8 |      40 |      14 |  25.9
            +---------+---------+-------+---------+---------+-------
        D:1 |      34 |      17 |  33.3 |      20 |       7 |  25.9
        D:2 |      49 |       6 |  10.9 |      15 |       5 |  25.0
        D:3 |      10 |       3 |  23.1 |       5 |       2 |  28.6
            +---------+---------+-------+---------+---------+-------
